Unix NetHack Version 5.0.0-0 post-release - last build May  3 2026 23:40:34 (9823c992c0763bbd039eca2974112f46eaf799b3,branch:main).

Game began 2026-05-04 19:25:56, ended 2026-05-04 20:16:05.

DeathOnAStick, neutral male human Tourist

                                         #
                       -------      -------
                     ##......|      |......#      ---------------
                     # |.....|      |.....|#      |             |      ----
                     # |.^...|     #......|#     #.             |      |  |
        ----------- ## --.----     #-------#     #|        >    |      |  |
        |.........|##    ##        #      ##     #-------.-------      ----
        |..<......|#      #        #      #      #     # ##
        |....{.....#      #        #     ##      #        #
        -----------       #     #  #   ######    #        #
                         -|--------#     #--|---##        #
                         |........|#     #|.....#         #               #
                         |.....[..|#     #+....|          #            -----
                         |.........#      |....|      ##@G#############....|
                         ----------       |....-#######---)--          |   |
                                          |....|       |(.\.|         #+   |
                                          ------       |....|     #####|   |
                                                       |....|######    -----
                                                       ------

DeathOnAStick the Sightseer  St:13 Dx:11 Co:14 In:9 Wi:10 Ch:16  Neutral S:762
Dlvl:5  $:243 HP:0(31) Pw:9(9) AC:4  Xp:4/94 T:1482 

Latest messages:
 You begin praying to The Lady.
 You are surrounded by a shimmering light.
 The sewer rat starts to attack you, but pulls back.
 The wererat starts to attack you, but pulls back.
 It bites the sewer rat.
 The sewer rat is killed!
 The wererat starts to attack you, but pulls back.
 The wererat changes into a rat.
 The wererat summons help!
 A sewer rat suddenly appears next to you!
 The wererat starts to attack you, but pulls back.
 You hear some noises.
 You finish your prayer.
 You feel that The Lady is well-pleased.
 You feel much better.
 In what direction? h
 The dart misses the wererat.
 The sewer rat bites!
 The wererat misses!
 In what direction? h
 The dart hits the wererat.
 The sewer rat bites!
 The wererat misses!
 In what direction? h
 You kill the wererat!
 Welcome to experience level 4.
 The sewer rat bites!
 b - 3 +2 darts (at the ready) (12 in total).
 You learn more about your items by comparing them.
 f - an uncursed fortune cookie (2 in total).
 The sewer rat bites!
 In what direction? l
 You kill the sewer rat!
 The hobgoblin picks up a +2 dart.
 In what direction? l
 You kill the hobgoblin!
 Sting stops flickering.
 There are several objects here.
 The gnome queen swings her thonged club.
 The gnome queen hits!
 In what direction? l
 The dart hits the gnome queen.
 The gnome queen swings her thonged club.
 The gnome queen hits!
 You die...
 Do you want your possessions identified? [ynq] (y) y
 Do you want to see your attributes? [ynq] (y) y
 Do you want an account of creatures vanquished? [ynaq] (y) y
 Do you want to see your conduct and achievements? [ynq] (y) y
 Do you want to see the dungeon overview? [ynq] (y) y

Inventory:
 Coins    ('$')
  $ - 243 gold pieces
 Weapons  (')')
  b - 9 +2 darts (at the ready)
  a - the blessed +4 Sting (weapon in right hand)
  d - a +0 dwarvish mattock
 Armor    ('[')
  i - a blessed +2 dwarvish iron helm (being worn)
  B - an uncursed +0 orcish helm
  j - an uncursed +0 pair of iron shoes (being worn)
  k - an uncursed +0 dwarvish roundshield
 Comestibles  ('%')
  c - 2 uncursed randomfruits
  p - an uncursed cram ration
  z - 4 uncursed food rations
  f - 2 uncursed fortune cookies
  M - 2 uncursed tripe rations
  e - an uncursed tin of french fried sewer rat meat
  E - an uncursed tin of sauteed goblin meat
 Scrolls  ('?')
  R - a blessed scroll of gold detection
 Potions  ('!')
  h - 2 uncursed potions of extra healing
 Rings    ('=')
  t - an uncursed ring of invisibility
 Wands    ('/')
  o - a wand of secret door detection (0:13)
 Tools    ('(')
  s - an uncursed blindfold
  v - an expensive camera (0:97)
  m - a magic marker (0:21)
  G - an uncursed skeleton key
  y - 4 cursed partly used tallow candles
 Gems/Stones  ('*')
  l - an uncursed worthless piece of black glass
  K - an uncursed worthless piece of blue glass

DeathOnAStick the Tourist's attributes:

Background:
 You were a Sightseer, a level 4 male human Tourist.
 You were neutral, on a mission for The Lady
 who was opposed by Blind Io (lawful) and Offler (chaotic).
 You were right-handed.
 You were in the Dungeons of Doom, on level 5.
 You entered the dungeon 1482 turns ago.
 There was a full moon in effect when your adventure ended.
 You had 94 experience points, 66 more were needed to attain level 5.
 Your score was 762 before end-of-game adjustments.

Basics:
 You had 0 out of 31 hit points.
 You had all 9 energy points (spell power).
 Your armor class was 4.
 Your wallet contained 243 zorkmids.
 Autopickup was off.

Final Characteristics:
 Your strength was 13 (limit:18/100).
 Your dexterity was 11 (limit:18).
 Your constitution was 14 (limit:18).
 Your intelligence was 9 (limit:18).
 Your wisdom was 10 (limit:18).
 Your charisma was 16 (limit:18).

Final Status:
 You weren't hungry.
 You were unencumbered.
 You were wielding a dagger.
 You were unskilled in dagger.

Final Attributes:
 You were devoutly aligned.
 You were aware of the presence of orcs.
 You would have confused monsters when hitting them.
 You were lucky.
 You are dead.

Miscellaneous:
 You didn't encounter any bones levels.
 Total elapsed playing time was 39 minutes and 44 seconds.

Major events:
 Turn
    1: DeathOnAStick the neutral male human Tourist entered the dungeon
  410: entered the Gnomish Mines
  718: attained the rank of Sightseer (level 3)
 1404: chose a runed dagger to be named "Sting"
 1482: killed by a gnome queen

You didn't know any spells.

Skills:
 Fighting Skills
   bare handed combat [Unskilled]
   two weapon combat  [Unskilled]
   riding             [Unskilled]
 Weapon Skills
   dagger             [Unskilled]
   knife              [Unskilled]
   axe                [Unskilled]
   pick-axe           [Unskilled]
   short sword        [Unskilled]
   broadsword         [Unskilled]
   long sword         [Unskilled]
   two-handed sword   [Unskilled]
   saber              [Unskilled]
   mace               [Unskilled]
   morning star       [Unskilled]
   flail              [Unskilled]
   hammer             [Unskilled]
   quarterstaff       [Unskilled]
   polearms           [Unskilled]
   spear              [Unskilled]
   trident            [Unskilled]
   lance              [Unskilled]
   bow                [Unskilled]
   sling              [Unskilled]
   crossbow           [Unskilled]
   dart               [Basic]
   shuriken           [Unskilled]
   boomerang          [Unskilled]
   whip               [Unskilled]
   unicorn horn       [Unskilled]
 Spellcasting Skills
   divination spells  [Unskilled]
   enchantment spells [Unskilled]
   escape spells      [Unskilled]

Voluntary challenges:
 Character rerolling was not enabled.
 You never genocided any monsters.
 You never polymorphed an object.
 You never changed form.
 You used no wishes.
Achievements:
 You entered the Gnomish Mines.
 You attained the rank of Sightseer.
 You entered a shop.

 The Dungeons of Doom: levels 1 to 5
    Level 1:
       A fountain.
    Level 2:
       A fountain.
       Stairs down to The Gnomish Mines.
    Level 3:
       Some fountains.
    Level 4:
       A general store.
    Level 5: <- You were here.
       A throne, a fountain.
       Final resting place for
          you, killed by a gnome queen.
 The Gnomish Mines:
    Level 3:


Vanquished creatures:
  a dwarf
  a centipede
  a wererat
  a gas spore
  a hobbit
  2 large kobolds
  a hobgoblin
  a giant rat
  a cave spider
  a yellow mold
  a gnome
  3 garter snakes
  a gecko
  7 jackals
  2 foxes
  a goblin
  2 sewer rats
  2 grid bugs
  a lichen
  a kobold zombie
  2 newts
34 creatures vanquished.

No species were genocided or became extinct.

Game over:
                       ----------
                      /          \
                     /    REST    \
                    /      IN      \
                   /     PEACE      \
                  /                  \
                  |  DeathOnAStick   |
                  |      243 Au      |
                  |   killed by a    |
                  |   gnome queen    |
                  |                  |
                  |                  |
                  |       2026       |
                 *|     *  *  *      | *
        _________)/\\_//(\/(/\)/\//\/|_)_______

Aloha DeathOnAStick the Tourist...

You died in The Dungeons of Doom on dungeon level 5 with 749 points,
and 243 pieces of gold, after 1482 moves.
You were level 4 with a maximum of 31 hit points when you died.

